 Dungeon Crawl Stone Soup version 0.29-a0-384-g6960b1960d (webtiles) character file.

Game seed: 5354071650938746481

29389 pokeman the Eclecticist (level 13, -2/74 HPs)
             Began as a Deep Elf Hedge Wizard on May 7, 2022.
             Was an Elder of Vehumet.
             Slain by a tengu warrior
             ... wielding a +0 war axe
              (17 damage)
             ... on level 13 of the Dungeon.
             The game lasted 00:39:26 (16506 turns).

pokeman the Eclecticist (Deep Elf Hedge Wizard)    Turns: 16506, Time: 00:39:27

Health: -2/74      AC:  4    Str:  9    XL:     13   Next: 14%
Magic:  16/55      EV: 12    Int: 28    God:    Vehumet [****..]
Gold:   988        SH:  0    Dex: 14    Spells: 24/49 levels left

rFire   + . .      SeeInvis .   Q - +8 long sword "Umemuran" {vorpal, rF+ Int+3 Stlth+}
rCold   . . .      Faith    .   (no shield)
rNeg    + . .      Spirit   .   t - +0 acid dragon scales
rPois   .          Reflect  .   o - +0 helmet
rElec   .          Harm     .   l - +0 cloak "Losaruokle" {rN+ MP+9 Str+2}
rCorr   +          Rampage  .   u - +0 pair of gloves
Will    +....                   H - +0 pair of boots
Stlth   +++.......              J - amulet of magic regeneration
HPRegen 0.22/turn               a - ring of wizardry
MPRegen 0.74/turn               m - ring of magical power

@: corroded
A: no striking features
a: Renounce Religion


You were on level 13 of the Dungeon.
You worshipped Vehumet.
Vehumet was greatly pleased with you.
You visited 2 branches of the dungeon, and saw 14 of its levels.
You also visited: Bailey.

You collected 988 gold pieces.

Inventory:

Hand Weapons
 Q - the +8 long sword "Umemuran" (weapon) {vorpal, rF+ Int+3 Stlth+}
   (You found it on level 8 of the Dungeon)

   It inflicts extra damage upon your enemies.
   Int:       It affects your intelligence (+3).
   rF:        It protects you from fire.
   Stlth:     It makes you more stealthy.
Armour
 l - the +0 cloak "Losaruokle" (worn) {rN+ MP+9 Str+2}
   (You acquired it on level 11 of the Dungeon)

   Str:       It affects your strength (+2).
   rN:        It protects you from negative energy.
   MP:        It affects your magic capacity (+9).
 o - a +0 helmet (worn)
 t - +0 acid dragon scales (worn)
 u - a +0 pair of gloves (worn)
 F - a +0 leather armour of poison resistance
 H - a +0 pair of boots (worn)
Magical Staves
 x - a staff of conjuration
Jewellery
 a - a ring of wizardry (left hand)
 m - a ring of magical power (right hand)
 J - an amulet of magic regeneration (around neck)
 W - a ring of poison resistance
 Y - a ring of protection from cold
Wands
 y - a wand of digging (3)
 O - a wand of acid (7)
Scrolls
 p - 13 scrolls of teleportation
 G - 2 scrolls of blinking
Potions
 b - 6 potions of mutation
 d - 3 potions of magic
 e - a potion of cancellation
 h - 5 potions of invisibility
 i - 6 potions of attraction {unknown}
 w - 5 potions of brilliance {unknown}
 A - 5 potions of heal wounds {unknown}
 B - 10 potions of curing {unknown}
 C - 3 potions of might {unknown}
 E - 4 potions of flight {unknown}
 K - a potion of experience {unknown}
 S - a potion of ambrosia {unknown}
 Z - 2 potions of lignification {unknown}
Miscellaneous
 T - a phial of floods


   Skills:
 - Level 6.0 Fighting
 + Level 5.6 Armour
 - Level 3.0 Dodging
 - Level 3.0 Stealth
 * Level 18.6 Spellcasting
 + Level 11.2 Conjurations
 - Level 1.1 Summonings
 - Level 1.1 Translocations
 + Level 10.7 Fire Magic
 - Level 1.1 Air Magic
 - Level 1.0 Earth Magic
 - Level 1.0 Poison Magic
 - Level 1.0 Evocations


You had 24 spell levels left.
You knew the following spells:

 Your Spells              Type           Power      Damage    Failure   Level
a - Magic Dart            Conj           100%       1d8       1%          1
b - Mephitic Cloud        Conj/Pois/Air  50%        N/A       1%          3
c - Call Imp              Summ           32%        N/A       1%          2
d - Blink                 Tloc           64%        N/A       1%          2
e - Conjure Flame         Conj/Fire      72%        6-21      1%          3
f - Foxfire               Conj/Fire      100%       2x1d9     1%          1
g - Stone Arrow           Conj/Erth      100%       3d13      1%          3
h - Starburst             Conj/Fire      36%        6d11      1%          6
i - Shock                 Conj/Air       100%       1d9       1%          1
j - Swiftness             Air            32%        N/A       1%          3

Your spell library contained the following spells:

 Spells                   Type           Power      Damage    Failure   Level
 Ignite Poison            Fire/Tmut/Pois 47%        N/A       1%          3
 Animate Skeleton         Necr           52%        N/A       1%          1
 Apportation              Tloc           64%        N/A       1%          1
 Pain                     Necr           100%       1d9       1%          1
 Sandblast                Erth           62%        2d14      1%          1
 Slow                     Hex            100%       N/A       1%          1
 Summon Small Mammal      Summ           100%       N/A       1%          1
 Passwall                 Tmut/Erth      23%        N/A       1%          2
 Dazzling Flash           Conj/Hex       100%       N/A       1%          3
 Gell's Gravitas          Tloc           32%        N/A       1%          3
 Teleport Other           Tloc           32%        N/A       1%          3
 Airstrike                Air            16%        N/A       1%          4
 Iskenderun's Mystic Bla  Conj/Tloc      57%        2d12      1%          4
 Irradiate                Conj/Tmut      27%        3d22      1%          5
 Ozocubu's Armour         Ice            26%        N/A       3%          3
 Alistair's Intoxication  Tmut/Pois      18%        N/A       22%         5
 Agony                    Necr           26%        N/A       28%         5
 Blade Hands              Tmut           13%        N/A       28%         5
 Excruciating Wounds      Necr           13%        N/A       28%         5
 Dispersal                Tloc           16%        N/A       65%         6
 Ozocubu's Refrigeration  Ice            13%        4d7       85%         7
 Dragon Form              Tmut           13%        N/A       100%        7
 Shatter                  Erth           15%        3d15*     100%        9


Dungeon Overview and Level Annotations

Branches:
Dungeon (13/15)            Temple (1/1) D:7            Lair (0/6) D:11
    Orc (0/2) D:12         Bailey (visited)
 Vaults: D:13-14

Altars:
Ashenzari
Cheibriados
Dithmenos
Fedhas
Gozag
Hepliaklqana
Kikubaaqudgha
Makhleb
Nemelex Xobeh
Okawaru
Qazlal
Ru
Sif Muna
Uskayaw
Vehumet
Wu Jian
Yredelemnul
Zin

Shops:
D:11 =


Message History

Deactivating autopickup; reactivate with Ctrl-A.
The ironbound preserver gestures wildly while chanting.
The ironbound preserver begins to accept its allies' injuries.
Casting: Starburst (dangerous; 1% risk of failure)
Confirm with . or Enter, or press ? or * to list all spells.
Casting: Starburst (dangerous; 1% risk of failure)
Press: ? - help, Dir - look around, f - activate The bolt of fire hits the ironbound preserver!!
The ironbound preserver is almost dead.
The bolt of fire hits the acid dragon!!!
You kill the acid dragon!
Vehumet accepts your kill.
You feel your power returning.
You kill the ironbound preserver!
Vehumet accepts your kill.
You feel your power returning. Something hits you.
Casting: Starburst (dangerous; 1% risk of failure)
Confirm with . or Enter, or press ? or * to list all spells.
You don't know that spell.
Unknown command.
Casting: Starburst (dangerous; 1% risk of failure)
Confirm with . or Enter, or press ? or * to list all spells.
Aiming: Mephitic Cloud (safe; 1% risk of failure)
Press: ? - help, Shift-Dir - straight line, f - tengu warrior
Aim: a tengu warrior, wielding a +0 war axe, wearing a +0 ring mail and wearing a +0 buckler (chance to affect: 53%)
The ball explodes into a vile cloud!
The stinking cloud engulfs the tengu warrior but does no damage.
A fire crab appears out of thin air!
Reactivating autopickup.
The tengu warrior is engulfed in noxious fumes.
Unknown command.
Things that are here:
a +4 great mace; a +0 ring mail The tengu warrior misses you.
The tengu warrior pecks you!
* * * LOW HITPOINT WARNING * * *
The tengu warrior claws you.
* * * LOW HITPOINT WARNING * * *
Unknown command.
The tengu warrior hits you with a +0 war axe!
You die...

....#######..#######.......
....#.....#..# #......> ..
#.....#..# .#.......
#.....#..# .. ....... .
#.....'..# ... ...... ...
#.....†.†# .... .....
....#######..#''### ....
........)Q○☼....... ...
....†..t..@.°...... ..
....#######○☼###### . ...
#.....'..'.. .
#.....'..'....
#.....#..#....
#.)...#..#.... #)....#..#
... ##### #..# ## ....


You could see a tengu warrior and a fire crab.

Vanquished Creatures
  Frances (D:12)
  An ironbound preserver (D:13)
  3 hydras
  A boulder beetle (D:13)
  3 two-headed ogres
  2 ogre magi (D:11)
  A centaur warrior (D:13)
  Erica (D:11)
  The ghost of sammy202020 the Cleaver, a novice MiBe of Trog (D:9)
  Urug (D:12)
  Nergalle (D:12)
  4 ugly things
  4 manticores
  3 cyclopes
  A gargoyle (D:11)
  3 komodo dragons
  An unseen horror (shapeshifter) (D:13)
  An unseen horror (D:12)
  A komodo dragon (shapeshifter) (D:13)
  2 freezing wraiths (D:9)
  An efreet (D:11)
  6 trolls
  4 slime creatures (D:13)
  A hornet (D:10)
  2 shadows
  2 wraiths
  A vampire (D:13)
  20 yaks
  3 basilisks (D:11)
  Grum (D:9)
  A steam dragon (D:9)
  4 vampire mosquitoes (D:12)
  4 acid dragons
  A water moccasin (D:6)
  13 orc warriors
  2 black bears
  A sky beast (D:7)
  3 ogres
  4 wolves (D:9)
  4 centaurs
  4 kobold brigands
  4 bullfrogs
  3 scorpions
  3 wights (D:9)
  5 killer bees (D:10)
  7 howler monkeys
  An electric eel (D:13)
  2 jellies
  4 orc priests
  4 hounds
  A gnoll shaman (D:10)
  An iguana (D:7)
  14 orc wizards
  4 gnolls
  11 adders
  2 shadow imps
  3 white imps
  An ufetubus (D:6)
  3 worms (D:2)
  5 dart slugs
  43 orcs
  6 endoplasms
  3 giant cockroaches
  10 goblins
  10 hobgoblins
  18 jackals
  22 kobolds
  2 quokkas (D:2)
  6 ball pythons
  6 bats
  4 frilled lizards
  4 rats
330 creatures vanquished.

Vanquished Creatures (collateral kills)
  A water moccasin (D:6)
  An orc wizard (D:5)
2 creatures vanquished.

Vanquished Creatures (others)
  130 foxfires
  10 fungi (D:2)
140 creatures vanquished.

Grand Total: 472 creatures vanquished

Notes
Turn   | Place    | Note
-------+----------+-------------------------------------------
     0 | D:1      | pokeman the Deep Elf Hedge Wizard began the quest for the
                  | Orb.
     0 | D:1      | Reached XP level 1. HP: 10/10 MP: 7/7
   392 | D:1      | Reached XP level 2. HP: 16/16 MP: 5/9
  1137 | D:1      | Reached skill level 5 in Spellcasting
  1562 | D:1      | Reached XP level 3. HP: 20/20 MP: 11/11
  1574 | D:1      | Learned a level 3 spell: Mephitic Cloud
  1581 | D:1      | Learned a level 2 spell: Call Imp
  1584 | D:1      | Learned a level 2 spell: Blink
  1588 | D:1      | Learned a level 3 spell: Conjure Flame
  2187 | D:2      | Found a faded altar of an unknown god.
  2295 | D:2      | Reached skill level 1 in Armour
  2438 | D:2      | Reached skill level 1 in Fighting
  2631 | D:2      | Reached XP level 4. HP: 25/25 MP: 13/13
  3696 | D:3      | Found an ancient bone altar of Kikubaaqudgha.
  4160 | D:3      | Reached skill level 1 in Fire Magic
  4175 | D:3      | Reached skill level 6 in Spellcasting
  4175 | D:3      | Reached XP level 5. HP: 22/29 MP: 14/15
  4739 | D:4      | Reached skill level 1 in Air Magic
  4786 | D:4      | Reached XP level 6. HP: 34/34 MP: 0/17
  5069 | D:4      | Reached skill level 1 in Earth Magic
  5114 | D:4      | Reached skill level 7 in Spellcasting
  5191 | D:4      | Found an opulent altar of Gozag.
  5210 | D:4      | Reached skill level 1 in Evocations
  5296 | D:4      | Found a shimmering blue altar of Sif Muna.
  5491 | D:5      | Entered Level 5 of the Dungeon
  5582 | D:5      | Reached skill level 1 in Poison Magic
  5704 | D:5      | Reached XP level 7. HP: 20/38 MP: 20/20
  6060 | D:5      | Reached skill level 8 in Spellcasting
  6103 | D:5      | Found a sparkling altar of Nemelex Xobeh.
  6160 | D:5      | Found a snail-covered altar of Cheibriados.
  6301 | D:5      | Found a stormy altar of Qazlal.
  6548 | D:5      | Learned a level 1 spell: Shock
  6552 | D:5      | Learned a level 3 spell: Stone Arrow
  6685 | D:5      | Learned a level 6 spell: Starburst
  7117 | D:6      | Found a hazy altar of Hepliaklqana.
  7183 | D:6      | Reached skill level 9 in Spellcasting
  7183 | D:6      | Reached XP level 8. HP: 38/44 MP: 23/23
  7706 | D:6      | Reached skill level 5 in Conjurations
  7885 | D:6      | Reached skill level 10 in Spellcasting
  8545 | D:7      | Reached XP level 9. HP: 48/48 MP: 25/25
  8622 | D:7      | Found an iron altar of Okawaru.
  8802 | D:7      | Found a staircase to the Ecumenical Temple.
  8810 | Temple   | Entered the Ecumenical Temple
  8822 | Temple   | Became a worshipper of Vehumet
  8892 | D:8      | Found a basalt altar of Yredelemnul.
  8904 | D:8      | Reached skill level 11 in Spellcasting
  8924 | D:8      | Reached skill level 5 in Fire Magic
  8957 | D:8      | Noticed a two-headed ogre
  9101 | D:8      | Killed a two-headed ogre
  9445 | D:8      | Found a broken altar of Ashenzari.
  9498 | D:8      | Found a glowing silver altar of Zin.
  9582 | D:8      | Identified the +8 long sword "Umemuran" {vorpal, rF+ Int+3
                  | Stlth+}
  9632 | D:9      | Identified a scroll of acquirement
  9666 | D:9      | Noticed a troll
  9678 | D:9      | Reached skill level 12 in Spellcasting
  9688 | D:9      | Killed a troll
  9742 | D:9      | Reached XP level 10. HP: 18/56 MP: 28/28
  9747 | D:9      | HP: 1/56 [yak (9)]
  9748 | D:9      | Reached * piety under Vehumet
  9748 | D:9      | Offered knowledge of Foxfire by Vehumet.
  9761 | D:9      | Reached skill level 13 in Spellcasting
 10073 | D:9      | Found a flagged portal.
 10094 | Bailey   | Entered a bailey
 10126 | Bailey   | Learned a level 1 spell: Foxfire
 10130 | Bailey   | Learned a level 3 spell: Swiftness
 10301 | Bailey   | Offered knowledge of Freeze by Vehumet.
 10309 | Bailey   | Reached ** piety under Vehumet
 10545 | D:9      | Noticed Grum
 10552 | D:9      | Killed Grum
 10613 | D:9      | Found a hide-covered altar of Uskayaw.
 10625 | D:9      | Reached skill level 14 in Spellcasting
 10845 | D:9      | Found a runed translucent gate.
 10845 | D:9      | Found a runed translucent gate.
 10846 | D:9      | Found a runed translucent gate.
 10853 | D:9      | Noticed sammy202020's ghost (novice MiBe)
 11077 | D:10     | Entered Level 10 of the Dungeon
 11117 | D:10     | Found a shadowy altar of Dithmenos.
 11578 | D:10     | Reached XP level 11. HP: 61/61 MP: 31/31
 11976 | D:9      | Offered knowledge of Poisonous Vapours by Vehumet.
 11982 | D:9      | Killed sammy202020's ghost
 12144 | D:11     | Reached skill level 15 in Spellcasting
 12204 | D:11     | Acquired the +0 cloak "Losaruokle" {rN+ MP+9 Str+2}
 12461 | D:11     | Noticed a white ugly thing
 12469 | D:11     | Killed a white ugly thing
 12470 | D:11     | Reached skill level 5 in Armour
 12892 | D:11     | Found Xuwnoe Cuawa's Jewellery Emporium.
 12965 | D:11     | Noticed Erica
 12981 | D:11     | Killed Erica
 13208 | D:11     | Noticed a two-headed ogre
 13221 | D:11     | Noticed an eight-headed hydra
 13226 | D:11     | Killed a two-headed ogre
 13227 | D:11     | Killed an eight-headed hydra
 13228 | D:11     | Reached skill level 16 in Spellcasting
 13254 | D:11     | Reached *** piety under Vehumet
 13254 | D:11     | Noticed a two-headed ogre
 13265 | D:11     | Killed a two-headed ogre
 13401 | D:11     | Noticed an ogre mage
 13418 | D:11     | Killed an ogre mage
 13423 | D:11     | Reached XP level 12. HP: 62/68 MP: 24/34
 13482 | D:11     | Noticed an ogre mage
 13496 | D:11     | Killed an ogre mage
 13497 | D:11     | Reached skill level 5 in Fighting
 13827 | D:11     | Reached skill level 10 in Conjurations
 13941 | D:11     | Found a staircase to the Lair.
 14342 | D:12     | Noticed Urug
 14347 | D:12     | Reached skill level 17 in Spellcasting
 14351 | D:12     | Killed Urug
 14354 | D:12     | Offered knowledge of Sticky Flame by Vehumet.
 14766 | D:12     | Noticed Frances
 14777 | D:12     | Killed Frances
 15136 | D:12     | Noticed Nergalle
 15141 | D:12     | Killed Nergalle
 15142 | D:12     | Reached skill level 10 in Fire Magic
 15242 | D:12     | Got Exetip's Handbook of Dusty Cold
 15350 | D:12     | Identified the +0 leather armour "Qoexam" {rCorr Str+2
                  | Int-3}
 15483 | D:12     | Found a staircase to the Orcish Mines.
 15955 | D:13     | Reached **** piety under Vehumet
 15956 | D:13     | Reached skill level 18 in Spellcasting
 16330 | D:13     | Noticed a boulder beetle
 16330 | D:13     | Noticed a six-headed hydra
 16339 | D:13     | Killed a six-headed hydra
 16340 | D:13     | Killed a boulder beetle
 16416 | D:13     | Noticed an eight-headed hydra
 16419 | D:13     | Killed an eight-headed hydra
 16420 | D:13     | Reached XP level 13. HP: 74/74 MP: 37/37
 16424 | D:13     | Offered knowledge of Ignite Poison by Vehumet.
 16495 | D:13     | Noticed an ironbound preserver
 16502 | D:13     | Killed an ironbound preserver
 16506 | D:13     | Slain by a tengu warrior

Illustrated notes

Levels and vault maps discovered:
D:1:      dpeg_arrival_pits, layout_basic, kennysheep_pointless_box,
          hangedman_decor_clover_reticule, minmay_bisected
D:2:      layout_loops_corners, chequers_ecumenical_altar_island,
          dreamdust_mushroom_princess
D:3:      layout_basic, kiku_gazebo_pond_becter
D:4:      layout_gridville, nicolae_gozag_seed_capital,
          mainiacjoe_overflow_alcove_2, cheibrodos_gnoll_hut
D:5:      layout_loops_ring, cheibriados_altar_1, nemelex_dance_club_becter,
          amcnicky_altar_gilded, kennysheep_another_room, dk_noncrumbling_3,
          kennysheep_small_circle
D:6:      layout_loops_corners, mainiacjoe_overflow_alcove_1,
          grunt_decor_fettered
D:7:      layout_rooms, mainiacjoe_overflow_24_doors, temple_fountains,
          chequers_serial_rivers_small_b
D:8:      layout_rooms, overflow_temple_1_default,
          mainiacjoe_overflow_boulevard, zin_statuary, corexii_leaking_fountain,
          minmay_circle_x
D:9:      layout_cave_pods, nicolae_overflow_crystal_walls,
          gammafunk_ghost_spectres, enter_bailey_5, uniq_grum
D:10:     layout_basic, grunt_dithmenos_smoke_and_mirrors
D:11:     minmay_inside_and_out, layout_loops_ring, lair_entry_dummy,
          serial_shops, nicolae_shop_waterfront, kennysheep_diamond, kb_rosetta,
          uniq_erica
D:12:     layout_roguey, orc_0_dummy, uniq_frances, uniq_urug, uniq_nergalle
D:13:     layout_big_octagon, skrybe_vaults_entry_preservation,
          nicolae_water_bricks, roderic_lattice_a
Temple:   dpeg_three_leaves_temple

Skill      XL: |  1  2  3  4  5  6  7  8  9 10 11 12 |
---------------+-------------------------------------+-----
Spellcasting   | 5 6 7 9 10 12 14 16 18 | 18.6
Conjurations   | 2 3 4 5 7 8 9 11 | 11.2
Armour         | 1 3 4 5 |  5.6
Fighting       | 1 2 3 4 6 |  6.0
Fire Magic     | 1 3 4 6 7 9 10 | 10.7
Dodging        | 3 |  3.0
Stealth        | 3 |  3.0
Air Magic      | 1 |  1.1
Earth Magic    | 1 |  1.0
Evocations     | 1 |  1.0
Poison Magic   | 1 |  1.0
Summonings     | |  1.1
Translocations | |  1.1

Action                   |  1- 3 |  4- 6 |  7- 9 | 10-12 | 13-15 || total
-------------------------+-------+-------+-------+-------+-------++-------
Melee: Dagger            |    29 |       |       |       |       ||    29
       Staff             |     2 |     3 |    11 |       |       ||    16
       Long sword        |       |       |    10 |    23 |       ||    33
       Punch             |       |       |       |     2 |       ||     2
 Cast: Magic Dart        |   139 |   166 |    56 |     4 |       ||   365
       Mephitic Cloud    |     1 |     5 |    14 |    26 |     2 ||    48
       Conjure Flame     |     1 |     3 |    16 |    18 |     1 ||    39
       Blink             |       |     1 |     2 |       |       ||     3
       Shock             |       |       |   127 |     8 |       ||   135
       Call Imp          |       |       |     2 |     1 |       ||     3
       Foxfire           |       |       |       |    69 |       ||    69
       Stone Arrow       |       |       |       |    85 |       ||    85
       Starburst         |       |       |       |    81 |    15 ||    96
  Use: Scroll            |       |       |    12 |     6 |     1 ||    19
 Stab: Confused          |       |       |       |     2 |       ||     2
Armor: Robe              |    14 |       |       |       |       ||    14
       Leather armour    |    13 |    12 |    22 |     8 |       ||    55
       Acid dragon scale |       |       |       |    11 |     5 ||    16
Dodge: Dodged            |    37 |    23 |    43 |    38 |     3 ||   144

Table legend: (Time is in decaauts)
 A = Elapsed time spent in this place.
 B = Non-inter-level travel time spent in this place.
 C = Inter-level travel time spent in this place.
 D = Time resting spent in this place.
 E = Time spent auto-exploring this place.
 F = Levels seen in this place.
 G = Mean time per level.
                   A        B        C        D        E       F      G
               +--------+--------+--------+--------+--------+-----+--------+
         Total |  16550 |  15738 |    812 |    501 |  12758 |  15 | 1103.3 |
       Dungeon |  16209 |  15407 |    802 |    499 |  12681 |  13 | 1246.8 |
        Temple |     54 |     44 |     10 |      0 |      0 |   1 |   54.0 |
        Bailey |    286 |    286 |      0 |      2 |     77 |   1 |  286.0 |
               +--------+--------+--------+--------+--------+-----+--------+

Top non-repeatable levels by time:
     D:1: 2164 daAuts
    D:11: 2087 daAuts
    D:12: 1513 daAuts
     D:3: 1377 daAuts
     D:2: 1321 daAuts
     D:5: 1224 daAuts
     D:6: 1190 daAuts
     D:9: 1168 daAuts
     D:7: 965 daAuts
     D:8: 926 daAuts
    D:10: 912 daAuts
     D:4: 800 daAuts
    D:13: 556 daAuts
  Bailey: 286 daAuts
  Temple: 54 daAuts
